 Dungeon Sprint DCSS version 0.21.1-1-g345015f (webtiles) character file.

0 Fang the Chopper (level 2, -1/29 HPs)
             Began as a Minotaur Berserker on Apr 23, 2018.
             Was a Follower of Trog.
             Succumbed to a worker ant's poison
             ... in the Dungeon (Sprint VI: "Thunderdome").
             The game lasted 00:00:17 (39 turns).

Fang the Chopper (Minotaur Berserker)                 Turns: 39, Time: 00:00:18

Health: -1/29      AC:  2    Str: 21    XL:     2   Next: 75%
Magic:  1/1        EV: 12    Int:  4    God:    Trog [*.....]
Gold:   200        SH:  0    Dex:  9    Spells: 1/1 levels left

rFire    . . .     SeeInvis .   a - +0 hand axe
rCold    . . .     Gourm    .   (no shield)
rNeg     . . .     Faith    .   b - +0 animal skin
rPois    .         Spirit   .   (helmet restricted)
rElec    .         Reflect  .   (no cloak)
rCorr    .         Harm     .   (no gloves)
MR       .....     NoTele   +   (no boots)
Stlth    +.........             (no amulet)
HPRegen  0.09/turn              (no ring)
MPRegen  0.07/turn              (no ring)

@: lethally poisoned (-1 -> -11), berserk cooldown, slowed, very slow
A: retaliatory headbutt, horns 2
a: Berserk, Burn Spellbooks, Renounce Religion


You were in the Dungeon.
You worshipped Trog.
Trog was aware of your devotion.
You were not hungry.

You visited 1 branch You collected 200 gold pieces.

Inventory:

Hand Weapons
 a - a +0 hand axe (weapon)
Armour
 b - a +0 animal skin (worn)
Wands
 k - a wand of acid (5)
 l - a wand of iceblast (5)
Scrolls
 i - 4 scrolls of blinking
 m - 3 scrolls of fog
Potions
 d - a potion of curing
 e - 4 potions of heal wounds
 f - 4 potions of haste
 g - 2 potions of magic
 h - a potion of berserk rage
 j - 2 potions of resistance
Comestibles
 c - a ration


   Skills:
 + Level 5.5 Fighting
 + Level 5.7 Axes
 + Level 3.1 Armour
 + Level 2.9 Dodging


You had one spell level left.
You didn't know any spells.

Dungeon Overview and Level Annotations

Branches:
Dungeon (1/1)

Altars:
Cheibriados
Fedhas
Gozag
Kikubaaqudgha
Trog
Uskayaw
Xom
Yredelemnul
Zin
Beogh

Shops:
D *%??:(


Innate Abilities, Weirdness & Mutations

You reflexively headbutt those who attack you in melee.
You have a pair of horns on your head.


Message History

You feel sick.
You see here 2 chunks of flesh.
There is a spawn point here.
You feel your anger nearly subside.
You are no longer berserk.
You are exhausted.
You feel yourself slow down.
* * * LOW HITPOINT WARNING * * *
You feel sick.
You see here 2 chunks of flesh.
* * * LOW HITPOINT WARNING * * *
You feel sick.
There is a spawn point here.
* * * LOW HITPOINT WARNING * * *
You feel sick.
You see here 2 chunks of flesh.
* * * LOW HITPOINT WARNING * * *
You feel sick.
There is a spawn point here.
A worker ant comes into view.
You die...

##.....## ##∩..a..∩##
#∩.......∩# #_........#
#_........# #_......._#
###.........###
#⌠...........⌠#
#@8.........8.###
#∩___......###......___
#∩........8.# #.8.......
............###.........
.........###...###......
.........# #.<.# ......
.........# #...# ......
............###.........
....8. .8......


You could see a worker ant (wandering).

Vanquished Creatures
  A worker ant (D)
1 creature vanquished.

Notes
Turn   | Place    | Note
-------+----------+-------------------------------------------
     0 | D        | Fang the Minotaur Berserker began the quest for the Orb.
     0 | D        | Reached XP level 1. HP: 19/19 MP: 0/0
     3 | D        | Found an ancient bone altar of Kikubaaqudgha.
     3 | D        | Found a roughly hewn altar of Beogh.
     4 | D        | Found a blossoming altar of Fedhas.
     5 | D        | Found a basalt altar of Yredelemnul.
     5 | D        | Round 1.
     6 | D        | Found a glowing silver altar of Zin.
     6 | D        | Found a snail-covered altar of Cheibriados.
     6 | D        | Found Ilioprec's Staff Store.
     6 | D        | Found Fuborr's Magic Scroll Shop.
     7 | D        | Found a bloodstained altar of Trog.
     7 | D        | Found Jifax's Must-Have Magic.
     7 | D        | Found Naxki's Magic Scroll Shop.
    23 | D        | Found a shimmering altar of Xom.
    24 | D        | Noticed a worker ant
    31 | D        | Killed a worker ant
    31 | D        | Reached skill level 5 in Fighting
    31 | D        | Reached skill level 5 in Axes
    31 | D        | Reached XP level 2. HP: 10/29 MP: 1/1
    32 | D        | Found an opulent altar of Gozag.
    32 | D        | Found a hide-covered altar of Uskayaw.
    32 | D        | Found Eliotz's Delicious Food.
    32 | D        | Found Rachiof's Jewellery.
    38 | D        | HP: 1/29 [poisoned by a worker ant]
    39 | D        | Succumbed to a worker ant's poison

Skill      XL: |  1 |
---------------+----+-----
Fighting       | 5 |  5.5
Axes           | 5 |  5.7
Armour         | 3 |  3.1
Dodging        | |  2.9

Action                   || total
-------------------------++-------
Melee: Hand axe          ||     3
       Headbutt          ||     1
Invok: Berserk           ||     1
Dodge: Dodged            ||     2
